[Event "December 12 Early 2023"]
[Site "https://www.chess.com"]
[Date "2023.12.12"]
[Round "5"]
[White "Manukyan, Sargis A."]
[Black "Lopez Idarraga, Daniel Eduardo"]
[Result "1-0"]
[Board "96"]
[TimeControl "180+1"]
[WhiteFideId "13303970"]
[BlackFideId "4405501"]
[WhiteElo "2619"]
[BlackElo "2460"]
[WhiteTeam "ARM"]
[BlackTeam "COL"]
[WhiteClock "0:02:44"]
[BlackClock "0:02:12"]

1. d4 d5 2. c4 c6 3. Nc3 Nf6 4. e3 Bf5 5. cxd5 cxd5 6. Qb3 Qd7 7. Bb5 Nc6 8. Nf3 e6 9. Ne5 Qc7 10. Qa4 Rc8 11. Qxa7 Bd6 12. Nxc6 bxc6 13. Qxc7 Rxc7 14. Be2 Ke7 15. f3 Rb8 16. g4 Bg6 17. g5 Nd7 18. Kf2 e5 19. dxe5 Nxe5 20. h4 Bd3 21. f4 1-0

[Event "December 12 Early 2023"]
[Site "https://www.chess.com"]
[Date "2023.12.12"]
[Round "5"]
[White "Antunez Soler, Luis"]
[Black "Pak, Yevgeniy"]
[Result "1-0"]
[Board "97"]
[TimeControl "180+1"]
[WhiteFideId "3513335"]
[BlackFideId "14201712"]
[WhiteElo "2618"]
[BlackElo "2459"]
[WhiteTeam "CUB"]
[BlackTeam "KAZ"]
[WhiteClock "0:00:14"]
[BlackClock "0:00:34"]

1. e4 e6 2. d4 d5 3. Nc3 Bb4 4. e5 c5 5. a3 Bxc3+ 6. bxc3 Ne7 7. Nf3 Nbc6 8. h4 Qa5 9. Bd2 Qc7 10. h5 h6 11. Bd3 Bd7 12. O-O Na5 13. Re1 Nc4 14. Bc1 O-O-O 15. a4 Be8 16. dxc5 Qxc5 17. Nd4 Nc6 18. Nb5 N6xe5 19. Bf4 Nc6 20. Bxc4 dxc4 21. Nd6+ Rxd6 22. Bxd6 Qf5 23. Bg3 f6 24. Qd6 e5 25. a5 a6 26. Rab1 Bxh5 27. Rxb7 Kxb7 28. Rb1+ Kc8 29. Qxc6+ Kd8 30. Qd6+ Ke8 31. Rb8+ Kf7 32. Rxh8 Kg6 33. Qd8 Qxc2 34. Rg8 Kh7 35. Qf8 Kg6 36. Qxg7+ Kf5 37. Qh7+ 1-0

[Event "December 12 Early 2023"]
[Site "https://www.chess.com"]
[Date "2023.12.12"]
[Round "5"]
[White "Kiremitciyan, Ari"]
[Black "Novikov, Evgenij"]
[Result "1-0"]
[Board "98"]
[TimeControl "180+1"]
[WhiteFideId "6373445"]
[BlackFideId "4125380"]
[WhiteElo "2458"]
[BlackElo "2608"]
[WhiteTeam "TUR"]
[BlackTeam "RUS"]
[WhiteClock "0:00:08"]
[BlackClock "0:00:02"]

1. e4 c5 2. Nf3 g6 3. c4 Bg7 4. d4 cxd4 5. Nxd4 Nc6 6. Be3 Nf6 7. Nc3 O-O 8. Be2 d6 9. O-O Bd7 10. Qd2 Rc8 11. f3 Qc7 12. Rfc1 Qb8 13. Rab1 Ne5 14. b3 Rfd8 15. Nd5 Re8 16. Bg5 Nxd5 17. exd5 a6 18. a4 b5 19. axb5 axb5 20. cxb5 Rxc1+ 21. Rxc1 Qb7 22. Nc6 f6 23. Be3 f5 24. Rc2 Kf7 25. Ra2 Ra8 26. Ra4 h5 27. Qa2 Rxa4 28. bxa4 Ke8 29. a5 e6 30. a6 Qa8 31. dxe6 Bxc6 32. bxc6 Nxc6 33. a7 Ke7 34. Bb5 Nd4 35. Qa5 Nxb5 36. Qxb5 Kxe6 37. Qb8 Qd5 38. Qg8+ Ke5 39. Qxd5+ Kxd5 40. a8=Q+ Ke6 41. Qg8+ Kf6 42. Bd4+ Kg5 43. Qxg7 d5 44. g3 h4 45. Bf6+ Kh5 46. Qh7# 1-0

[Event "December 12 Early 2023"]
[Site "https://www.chess.com"]
[Date "2023.12.12"]
[Round "5"]
[White "NikaVolkov"]
[Black "Liu, Casper"]
[Result "1-0"]
[Board "99"]
[TimeControl "180+1"]
[BlackFideId "1454153"]
[WhiteElo "2606"]
[BlackElo "2456"]
[BlackTeam "DEN"]
[WhiteClock "0:01:29"]
[BlackClock "0:00:00"]

1. d4 f5 2. Nf3 Nf6 3. e3 e6 4. c4 g6 5. Nc3 Bg7 6. Bd3 O-O 7. O-O d6 8. Qc2 Nc6 9. a3 e5 10. dxe5 dxe5 11. e4 Nd4 12. Nxd4 exd4 13. Nd5 Nxe4 14. Bxe4 fxe4 15. Qxe4 Kh8 16. Ne7 Re8 17. Bg5 Bf5 18. Qh4 Qd7 19. Rfe1 Rf8 20. h3 Rae8 21. Rad1 Qd6 22. b4 b6 23. Nxf5 gxf5 24. Be7 Bf6 25. Bxd6 1-0

[Event "December 12 Early 2023"]
[Site "https://www.chess.com"]
[Date "2023.12.12"]
[Round "5"]
[White "Banzea, Alexandru-Bogdan"]
[Black "Pourkashiyan, Atousa"]
[Result "1-0"]
[Board "100"]
[TimeControl "180+1"]
[WhiteFideId "1232622"]
[BlackFideId "12502014"]
[WhiteElo "2605"]
[BlackElo "2453"]
[WhiteTeam "ROU"]
[BlackTeam "USA"]
[WhiteClock "0:01:29"]
[BlackClock "0:00:05"]

1. d4 Nf6 2. Nc3 d5 3. Bf4 c6 4. e3 g6 5. h4 Bg7 6. Be2 h5 7. Nf3 Bg4 8. Ne5 Bxe2 9. Qxe2 Nbd7 10. O-O-O b5 11. Nxc6 Qb6 12. Qxb5 Ne4 13. Qxb6 axb6 14. Nxe4 dxe4 15. a3 Rc8 16. Na7 Ra8 17. Nb5 O-O 18. Nc3 Nf6 19. Bg5 Ng4 20. Nxe4 f5 21. f3 fxe4 22. fxg4 hxg4 23. Rhf1 e6 24. Rf4 Rxf4 25. Bxf4 b5 26. c3 Bf6 27. g3 Kf7 28. Rf1 Ke7 29. Bd6+ Kxd6 30. Rxf6 Ke7 31. Rxg6 Rf8 32. Rxg4 Rf3 33. Rxe4 Rxg3 34. Re5 Kf6 35. h5 Rh3 36. Kc2 Rh2+ 37. Kb3 Ke7 38. d5 Kd6 39. dxe6 Rg2 40. e7 1-0

[Event "December 12 Early 2023"]
[Site "https://www.chess.com"]
[Date "2023.12.12"]
[Round "5"]
[White "Vlassov, Nikolai"]
[Black "Lopusiewicz, Piotr"]
[Result "1-0"]
[Board "101"]
[TimeControl "180+1"]
[WhiteFideId "4103360"]
[BlackFideId "1116029"]
[WhiteElo "2604"]
[BlackElo "2452"]
[WhiteTeam "FID"]
[BlackTeam "POL"]
[WhiteClock "0:00:22"]
[BlackClock "0:00:06"]

1. e4 e5 2. Bc4 Nf6 3. d3 Nc6 4. Nf3 Bc5 5. Bg5 h6 6. Bh4 d6 7. Nc3 a6 8. Nd5 Na5 9. Nxf6+ gxf6 10. Nd2 Nxc4 11. Nxc4 d5 12. exd5 Qxd5 13. O-O Rg8 14. g3 Bg4 15. Qd2 Bh3 16. Ne3 Bxe3 17. fxe3 Bxf1 18. Rxf1 O-O-O 19. Bxf6 Rd7 20. b3 e4 21. d4 Rg6 22. c4 Qe6 23. Qf2 a5 24. Qf4 b6 25. d5 Qg4 26. Bd4 Qxf4 27. Rxf4 Kd8 28. Rxe4 Re7 29. Rf4 Kd7 30. Kf2 h5 31. Kf3 Kd6 32. e4 a4 33. e5+ Kd7 34. b4 f5 35. Rxf5 a3 36. c5 Rg4 37. c6+ Ke8 38. Rf4 Reg7 39. d6 Rxf4+ 40. gxf4 h4 41. e6 Rg6 42. dxc7 1-0

[Event "December 12 Early 2023"]
[Site "https://www.chess.com"]
[Date "2023.12.12"]
[Round "5"]
[White "Tao, Sihan"]
[Black "Dilmukhametov, Artur"]
[Result "0-1"]
[Board "102"]
[TimeControl "180+1"]
[WhiteFideId "30982677"]
[BlackFideId "24179922"]
[WhiteElo "2602"]
[BlackElo "2449"]
[WhiteTeam "USA"]
[BlackTeam "RUS"]
[WhiteClock "0:02:25"]
[BlackClock "0:02:43"]

1. e4 c6 2. d4 d5 3. Nc3 dxe4 4. Nxe4 Bf5 5. Ng3 Bg6 6. h4 h6 7. Nf3 Nd7 8. h5 Bh7 9. Bd3 Bxd3 10. Qxd3 e6 11. Bd2 Ngf6 12. O-O-O Qc7 13. Ne4 Nxe4 14. Qxe4 Nf6 15. Qe2 Be7 16. g3 c5 17. Kb1 O-O 18. Bf4 Qb6 19. Be3 Nd5 20. Ne5 Nc3+ 0-1

[Event "December 12 Early 2023"]
[Site "https://www.chess.com"]
[Date "2023.12.12"]
[Round "5"]
[White "Khromkin, Andrey"]
[Black "Kim, Sergey"]
[Result "0-1"]
[Board "103"]
[TimeControl "180+1"]
[WhiteFideId "4154126"]
[BlackFideId "13700570"]
[WhiteElo "2448"]
[BlackElo "2602"]
[WhiteTeam "RUS"]
[BlackTeam "KAZ"]
[WhiteClock "0:00:00"]
[BlackClock "0:00:12"]

1. d4 Nf6 2. c4 g6 3. Nf3 Bg7 4. Nc3 d6 5. g3 O-O 6. Bg2 Nbd7 7. O-O e5 8. e4 exd4 9. Nxd4 Re8 10. Re1 Nc5 11. Qc2 c6 12. h3 a5 13. Be3 a4 14. Rab1 Nfd7 15. Red1 Qe7 16. b4 axb3 17. axb3 Ne5 18. f4 Ned7 19. Bf2 Nf8 20. b4 Nce6 21. Nde2 Nc7 22. Na4 Be6 23. Nb6 Ra3 24. Rd3 Rxd3 25. Qxd3 d5 26. cxd5 cxd5 27. Bc5 dxe4 28. Bxe4 Qf6 29. g4 Rd8 30. Qf3 Rd2 31. Bxb7 Qd8 32. Be4 f5 33. gxf5 gxf5 34. Bc6 Ng6 35. Be3 Rd3 36. Bb5 Nxb5 37. Rc1 Qxb6 38. Bxb6 Rxf3 39. Rc6 Nf8 40. Bc5 Bd7 41. Rb6 Rb3 42. Rb8 Rb2 43. Ng3 Nc7 44. Nh5 Ne6 45. Be7 Kf7 46. Bd6 Bd4+ 47. Kf1 Ba4 48. Ng3 Bb3 49. Nxf5 Bc4+ 0-1

[Event "December 12 Early 2023"]
[Site "https://www.chess.com"]
[Date "2023.12.12"]
[Round "5"]
[White "Sahib Singh"]
[Black "Horcajuelo Rocamora, Martin"]
[Result "1-0"]
[Board "104"]
[TimeControl "180+1"]
[WhiteFideId "25618342"]
[BlackFideId "24573027"]
[WhiteElo "2595"]
[BlackElo "2447"]
[WhiteTeam "IND"]
[BlackTeam "ESP"]
[WhiteClock "0:01:01"]
[BlackClock "0:00:13"]

1. e4 c5 2. Nf3 e6 3. d4 cxd4 4. Nxd4 a6 5. Bd3 Bc5 6. Nb3 Ba7 7. Qg4 Qf6 8. O-O h6 9. Qg3 Ne7 10. e5 Nf5 11. exf6 Nxg3 12. fxg7 Rg8 13. hxg3 Rxg7 14. Kh2 Nc6 15. Bxh6 Rg8 16. Be3 Bxe3 17. fxe3 Ne5 18. Be2 b5 19. Bf3 Rb8 20. Nc3 Nc4 21. Rfe1 Nxb2 22. a4 b4 23. Ne4 Ke7 24. Ned2 d5 25. Na5 Bd7 26. e4 dxe4 27. Bxe4 Rbc8 28. Reb1 Nxa4 29. Rxb4 Nc5 30. Bf3 Bb5 31. Nac4 Bd7 32. Nb6 Rb8 33. Nxd7 Rxb4 34. Nxc5 Rc8 35. Nxa6 Rb2 36. Be4 f5 37. Bd3 Rh8+ 38. Kg1 Rg8 39. Nc4 Rb7 40. Re1 Kf6 41. Nc5 Re7 42. Nd2 e5 43. Rf1 e4 44. Ndxe4+ Ke5 45. Nd2 Rxg3 46. Rxf5+ Kd4 47. Nf3+ Ke3 48. Ne4 Rg8 49. Nf6 Rd8 50. Ng4# 1-0

[Event "December 12 Early 2023"]
[Site "https://www.chess.com"]
[Date "2023.12.12"]
[Round "5"]
[White "Dmitrenko, Viktor"]
[Black "Shubenkova, Veronika"]
[Result "1-0"]
[Board "105"]
[TimeControl "180+1"]
[WhiteFideId "14110270"]
[BlackFideId "44124040"]
[WhiteElo "2440"]
[BlackElo "2593"]
[WhiteTeam "UKR"]
[BlackTeam "RUS"]
[WhiteClock "0:00:29"]
[BlackClock "0:00:13"]

1. Nf3 d5 2. d4 e6 3. c4 f5 4. Nc3 Nf6 5. Bg5 c6 6. cxd5 exd5 7. e3 Be7 8. Bxf6 Bxf6 9. Bd3 O-O 10. Qc2 Be7 11. O-O Bd6 12. g3 Qe7 13. a3 Be6 14. b4 a6 15. Na4 Nd7 16. Nc5 Nxc5 17. bxc5 Bc7 18. Rab1 Ra7 19. Kg2 g5 20. h4 gxh4 21. Nxh4 Qg5 22. f4 Qf6 23. Rh1 Rf7 24. Nf3 Rg7 25. Kf2 Ba5 26. Ne5 Ra8 27. Rh5 Rf8 28. Rbh1 Bc7 29. g4 Bxe5 30. dxe5 Qg6 31. Rg5 Qe8 32. Rxg7+ Kxg7 33. gxf5 Bc8 34. f6+ Kf7 35. Rxh7+ Kg8 36. Bg6 Qe6 37. Qe2 d4 38. Rg7+ Kh8 39. Qh5# 1-0

[Event "December 12 Early 2023"]
[Site "https://www.chess.com"]
[Date "2023.12.12"]
[Round "5"]
[White "Manukian, Artak"]
[Black "Sahin, Sarp"]
[Result "1-0"]
[Board "106"]
[TimeControl "180+1"]
[WhiteFideId "13301373"]
[BlackFideId "51605066"]
[WhiteElo "2593"]
[BlackElo "2432"]
[WhiteTeam "ARM"]
[BlackTeam "TUR"]
[WhiteClock "0:00:01"]
[BlackClock "0:00:00"]

1. e4 c5 2. Nf3 e6 3. c3 d5 4. e5 d4 5. cxd4 cxd4 6. Bb5+ Nc6 7. Bxc6+ bxc6 8. Qa4 Ne7 9. Qxd4 Nd5 10. Nc3 Be7 11. O-O O-O 12. Qg4 Rb8 13. d4 Kh8 14. h4 c5 15. dxc5 Bxc5 16. Ne4 Be7 17. Qh5 Qe8 18. Nd6 Bxd6 19. exd6 Ba6 20. Re1 Rd8 21. Ng5 Nf6 22. Qd1 Qc6 23. Bf4 Kg8 24. Rc1 Qb5 25. Re5 Qxb2 26. Ra5 Be2 27. Qc2 Qb4 28. Ra4 Qb5 29. Rxa7 h6 30. Ne4 Nd5 31. Nc3 Nxc3 32. Qxc3 Qb6 33. Qc7 Qb2 34. Be3 Qf6 35. Qe7 Qf5 36. d7 Qd3 37. Bc5 Qd2 38. Ba3 Rb8 39. Rac7 Rfd8 40. Rc8 Rbxc8 41. dxc8=Q Rxc8 42. Rxc8+ Kh7 43. Qb4 Qd1+ 44. Kh2 Bd3 45. Qf4 Bf5 46. Bb2 1-0

[Event "December 12 Early 2023"]
[Site "https://www.chess.com"]
[Date "2023.12.12"]
[Round "5"]
[White "Vestby-Ellingsen, Mads"]
[Black "Latorre, Vincent"]
[Result "1-0"]
[Board "107"]
[TimeControl "180+1"]
[WhiteFideId "1520857"]
[BlackFideId "2636891"]
[WhiteElo "2583"]
[BlackElo "2431"]
[WhiteTeam "NOR"]
[BlackTeam "CAN"]
[WhiteClock "0:00:34"]
[BlackClock "0:00:00"]

1. d4 Nf6 2. c4 g6 3. g4 Nxg4 4. e4 d6 5. Nc3 Bg7 6. Be2 Nf6 7. h4 h5 8. Bg5 Nc6 9. d5 Ne5 10. Nf3 Nxf3+ 11. Bxf3 e5 12. dxe6 Bxe6 13. Qd2 O-O 14. Qf4 Bxc4 15. e5 dxe5 16. Qxc4 Qd4 17. Qxd4 exd4 18. Nb5 c6 19. Nxd4 Rfe8+ 20. Kf1 Ne4 21. Be3 Rad8 22. Rd1 c5 23. Nb3 Rxd1+ 24. Bxd1 b6 25. Bc1 a5 26. Kg2 Nd6 27. Nd2 Nb5 28. Nc4 Re6 29. Bf3 Nd4 30. Bd5 Re2 31. Nxb6 Nf5 32. Bf3 Re6 33. Nc4 Bf6 34. Bg5 Bd4 35. b3 1-0

[Event "December 12 Early 2023"]
[Site "https://www.chess.com"]
[Date "2023.12.12"]
[Round "5"]
[White "Kuzmin, Roman"]
[Black "Pham, Le Thao Nguyen"]
[Result "0-1"]
[Board "108"]
[TimeControl "180+1"]
[WhiteFideId "44134932"]
[BlackFideId "12401226"]
[WhiteElo "2580"]
[BlackElo "2514"]
[WhiteTeam "RUS"]
[BlackTeam "VIE"]
[WhiteClock "0:00:00"]
[BlackClock "0:00:04"]

1. e4 c6 2. d4 d5 3. Nc3 dxe4 4. Nxe4 Nf6 5. Nxf6+ exf6 6. c3 Qe7+ 7. Be2 Be6 8. Be3 Qc7 9. Qc2 Bd6 10. Bd3 Nd7 11. Ne2 Nb6 12. O-O-O Nc4 13. Rhe1 b5 14. Bf5 Bxf5 15. Qxf5 O-O 16. b3 Nxe3 17. fxe3 Rfe8 18. e4 a5 19. Kc2 b4 20. c4 a4 21. Nc1 c5 22. e5 fxe5 23. dxe5 Bxe5 24. Rd7 Qb8 25. Qxf7+ Kh8 26. Rb7 Qd6 27. Rd7 Qh6 28. Re7 Rf8 29. Qd5 Bd4 30. R7e2 Qg6+ 31. Qe4 Qa6 32. Qd3 Qb7 33. Qe4 Qc7 34. Qe6 Qxh2 35. g4 Qh4 36. Qe4 Qg5 37. Rh1 h6 38. Rh5 Qf4 39. Qxf4 Rxf4 40. g5 Kh7 41. gxh6 gxh6 42. Re7+ Kg6 43. Rh2 Ra6 44. Nd3 axb3+ 45. Kc1 Rf3 46. Nxc5 Bxc5 47. axb3 Bxe7 0-1

[Event "December 12 Early 2023"]
[Site "https://www.chess.com"]
[Date "2023.12.12"]
[Round "5"]
[White "Rios Escobar, Adan"]
[Black "Jaiveer Mahendru"]
[Result "0-1"]
[Board "109"]
[TimeControl "180+1"]
[WhiteFideId "3403645"]
[BlackFideId "25611151"]
[WhiteElo "2429"]
[BlackElo "2580"]
[WhiteTeam "CHI"]
[BlackTeam "IND"]
[WhiteClock "0:00:00"]
[BlackClock "0:00:27"]

1. Nf3 Nf6 2. c4 g6 3. Nc3 Bg7 4. e4 d6 5. d4 O-O 6. Bd3 e5 7. d5 a5 8. a3 Na6 9. O-O Nh5 10. Be3 Nf4 11. Bc2 g5 12. Ne1 g4 13. Rb1 h5 14. b4 h4 15. Qd2 Ng6 16. c5 f5 17. exf5 Bxf5 18. Bxf5 Rxf5 19. Ne4 axb4 20. axb4 Nb8 21. Nd3 Rf8 22. cxd6 cxd6 23. Rbc1 h3 24. g3 Ne7 25. Bg5 Qd7 26. Rc4 Nxd5 27. Rfc1 b5 28. R4c2 Qf5 0-1

[Event "December 12 Early 2023"]
[Site "https://www.chess.com"]
[Date "2023.12.12"]
[Round "5"]
[White "Sari, Yasin"]
[Black "Bettalli, Francesco"]
[Result "0-1"]
[Board "110"]
[TimeControl "180+1"]
[WhiteFideId "6320902"]
[BlackFideId "2816453"]
[WhiteElo "2426"]
[BlackElo "2580"]
[WhiteTeam "TUR"]
[BlackTeam "ITA"]
[WhiteClock "0:00:05"]
[BlackClock "0:00:07"]

1. d4 g6 2. e4 c6 3. Nf3 d5 4. Nc3 Bg4 5. exd5 cxd5 6. h3 Bxf3 7. Qxf3 e6 8. Bd3 Nc6 9. Ne2 Bg7 10. c3 Nge7 11. O-O O-O 12. h4 e5 13. dxe5 Nxe5 14. Qg3 Nxd3 15. Qxd3 Nc6 16. h5 Ne5 17. Qg3 Re8 18. Nd4 Nc4 19. Nf5 gxf5 20. h6 Qf6 21. hxg7 Re4 22. b3 Rg4 23. Qh3 Nd6 24. Be3 f4 25. Bd4 Qg6 26. Rfe1 Nf5 27. Re5 f3 28. g3 Nxg3 29. Kh2 Nf5 30. Rxf5 Qxf5 31. Re1 Rg2+ 32. Qxg2 fxg2 33. Kxg2 h5 34. Rh1 f6 35. Rh3 Kxg7 36. Rg3+ Kh7 37. Rf3 Rg8+ 38. Rg3 Rxg3+ 39. fxg3 h4 40. g4 Qxg4+ 41. Kf2 Qg3+ 42. Ke2 f5 0-1

[Event "December 12 Early 2023"]
[Site "https://www.chess.com"]
[Date "2023.12.12"]
[Round "5"]
[White "Iskusnyh, Sergei"]
[Black "Leve, Nitai"]
[Result "1-0"]
[Board "111"]
[TimeControl "180+1"]
[WhiteFideId "4120027"]
[BlackFideId "2006898"]
[WhiteElo "2578"]
[BlackElo "2424"]
[WhiteTeam "RUS"]
[BlackTeam "USA"]
[WhiteClock "0:00:45"]
[BlackClock "0:00:01"]

1. d4 d5 2. c4 c6 3. Nf3 Nf6 4. e3 a6 5. Bd3 Bg4 6. Nbd2 e6 7. b3 b5 8. O-O Bd6 9. c5 Bc7 10. Bb2 Nbd7 11. Qc2 O-O 12. Ne5 Nxe5 13. dxe5 Nd7 14. Bxh7+ Kh8 15. f4 Nxc5 16. b4 Na4 17. Bd4 Nb6 18. Bd3 Nc4 19. Nb3 Bb6 20. Nc5 a5 21. a3 Qh4 22. Bxc4 bxc4 23. Nxe6 fxe6 24. Bxb6 Rf5 25. bxa5 Rh5 26. g3 Qe7 27. Qd2 Bf5 28. Qb4 Qf7 29. Rf2 Be4 30. Bc5 Qg6 31. Rb2 Kh7 32. Qe1 Rh8 33. a6 Qg4 34. Raa2 Qf3 35. Rg2 Kg6 36. a7 Rxh2 37. Rxh2 Qh1+ 38. Rxh1 Rxh1+ 39. Kf2 Rh2+ 40. Kf1 Rh1+ 41. Ke2 Rh2+ 42. Qf2 Bd3+ 43. Ke1 Rh1+ 44. Kd2 1-0

[Event "December 12 Early 2023"]
[Site "https://www.chess.com"]
[Date "2023.12.12"]
[Round "5"]
[White "Shuvalov, Evgenij"]
[Black "Garrido, Denis"]
[Result "1-0"]
[Board "112"]
[TimeControl "180+1"]
[WhiteFideId "4187237"]
[BlackFideId "601217"]
[WhiteElo "2558"]
[BlackElo "2424"]
[WhiteTeam "FID"]
[BlackTeam "FRA"]
[WhiteClock "0:01:38"]
[BlackClock "0:00:52"]

1. d4 Nf6 2. c4 c5 3. d5 d6 4. Nc3 g6 5. e4 Bg7 6. Bd3 O-O 7. h3 Na6 8. Nf3 Nc7 9. O-O e5 10. Ne1 a6 11. a4 Nh5 12. Be2 Nf4 13. Nd3 Qh4 14. Bxf4 exf4 15. e5 Bxe5 16. Nxe5 dxe5 17. d6 Ne6 18. d7 Nd4 19. dxc8=Q Raxc8 20. Bf3 f5 21. Bxb7 e4 22. Bxc8 Rxc8 23. Ne2 f3 24. Nxd4 Rd8 25. Nxf3 1-0

[Event "December 12 Early 2023"]
[Site "https://www.chess.com"]
[Date "2023.12.12"]
[Round "5"]
[White "Federzoni, Enzo"]
[Black "Martinez Fernandez, Adrian"]
[Result "1-0"]
[Board "113"]
[TimeControl "180+1"]
[WhiteFideId "2173301"]
[BlackFideId "32049048"]
[WhiteElo "2423"]
[BlackElo "2557"]
[WhiteTeam "BRA"]
[BlackTeam "ESP"]
[WhiteClock "0:01:50"]
[BlackClock "0:01:12"]

1. d4 d5 2. Nc3 Nc6 3. Bf4 a6 4. e3 Nf6 5. Nf3 Bg4 6. Be2 e6 7. h3 Bh5 8. O-O Bd6 9. Ne5 Bxe2 10. Nxe2 O-O 11. Nxc6 bxc6 12. Rc1 Rb8 13. b3 Bxf4 14. Nxf4 c5 15. c4 cxd4 16. Qxd4 c6 17. Nd3 Qa5 18. Rc2 Rfd8 19. Rfc1 h6 20. cxd5 cxd5 21. Ne5 Rb4 22. Qa7 Rf8 23. Rc8 Rxc8 24. Rxc8+ Kh7 25. Qxf7 Rg4 26. hxg4 Qe1+ 27. Kh2 Nxg4+ 28. Nxg4 1-0

[Event "December 12 Early 2023"]
[Site "https://www.chess.com"]
[Date "2023.12.12"]
[Round "5"]
[White "Karas, Marek"]
[Black "yaguigor"]
[Result "0-1"]
[Board "114"]
[TimeControl "180+1"]
[WhiteFideId "14928558"]
[WhiteElo "2546"]
[BlackElo "2423"]
[WhiteTeam "CZE"]
[WhiteClock "0:00:03"]
[BlackClock "0:00:38"]

1. d4 d5 2. Nf3 Nf6 3. c4 c6 4. Nc3 e6 5. g3 dxc4 6. Bg2 Nbd7 7. O-O b5 8. e4 Bb7 9. e5 Nd5 10. Ng5 Be7 11. Qh5 g6 12. Qh6 Bf8 13. Qh3 Nxc3 14. bxc3 Be7 15. Ne4 O-O 16. Bh6 Re8 17. Rad1 Qc7 18. f4 c5 19. Bg5 Bxe4 20. Bxe4 cxd4 21. Bxa8 Bxg5 22. Be4 Nc5 23. Bg2 Be7 24. cxd4 Nd3 25. Be4 Qb6 26. Bxd3 Qxd4+ 27. Kh1 cxd3 28. g4 Rd8 29. Qf3 Qd5 30. Qxd5 Rxd5 31. Rf3 d2 32. Kg2 Bb4 33. Kf1 g5 34. fxg5 Rxe5 35. Kg2 Re2+ 36. Rf2 Re1 37. Rdxd2 Bxd2 38. Rxd2 Kg7 39. h4 h6 40. gxh6+ Kxh6 41. Kg3 Kg6 42. Rd7 Re3+ 43. Kf4 Ra3 44. h5+ Kg7 45. Rd2 Ra4+ 46. Kg5 f6+ 47. Kh4 f5 48. Rd7+ Kf6 49. h6 Rxg4+ 50. Kh5 Rg5+ 51. Kh4 Rg1 52. Kh5 Rh1# 0-1

[Event "December 12 Early 2023"]
[Site "https://www.chess.com"]
[Date "2023.12.12"]
[Round "5"]
[White "Jimenez Almeida, Luis David"]
[Black "Xie, Bryan"]
[Result "0-1"]
[Board "115"]
[TimeControl "180+1"]
[WhiteFideId "22242244"]
[BlackFideId "30941296"]
[WhiteElo "2535"]
[BlackElo "2420"]
[WhiteTeam "ESP"]
[BlackTeam "USA"]
[WhiteClock "0:00:03"]
[BlackClock "0:00:13"]

1. e4 c5 2. Nc3 Nc6 3. g3 e6 4. Bg2 Nf6 5. Nge2 Be7 6. O-O O-O 7. d4 cxd4 8. Nxd4 Qc7 9. Be3 a6 10. Qe2 b5 11. a3 Bb7 12. h3 d6 13. Rae1 Rac8 14. f4 Nxd4 15. Bxd4 Nd7 16. f5 e5 17. Be3 d5 18. exd5 Bxa3 19. d6 Bxd6 20. Bxb7 Qxb7 21. f6 Nxf6 22. Rxf6 gxf6 23. Bh6 f5 24. Qh5 Qb6+ 25. Be3 Bc5 26. Nd5 Bxe3+ 27. Rxe3 Qd6 28. Qxf5 f6 29. Rd3 Rxc2 30. h4 Qc5+ 31. Kh1 Rc1+ 32. Kg2 Qc2+ 33. Kh3 Rh1+ 34. Kg4 Qe2+ 35. Rf3 Qc4+ 36. Rf4 exf4 37. Nxf4 Qf7 38. h5 Qg7+ 39. Kf3 Qb7+ 40. Kg4 Qg7+ 41. Kf3 Re8 42. Nd5 Rf1+ 43. Kg2 Rxf5 0-1

[Event "December 12 Early 2023"]
[Site "https://www.chess.com"]
[Date "2023.12.12"]
[Round "5"]
[White "Hirneise, Jens"]
[Black "Parra Gomez, Adrian"]
[Result "0-1"]
[Board "116"]
[TimeControl "180+1"]
[WhiteFideId "24614734"]
[BlackFideId "3513106"]
[WhiteElo "2534"]
[BlackElo "2419"]
[WhiteTeam "GER"]
[BlackTeam "CUB"]
[WhiteClock "0:00:21"]
[BlackClock "0:00:36"]

1. d4 d5 2. c4 e6 3. Nf3 Nf6 4. g3 dxc4 5. Bg2 c5 6. O-O Nc6 7. dxc5 Qxd1 8. Rxd1 Bxc5 9. Nbd2 Ng4 10. e3 Bxe3 11. fxe3 Nxe3 12. Re1 Nc2 13. Rb1 Nxe1 14. Nxe1 Na5 15. b4 cxb3 16. axb3 Bd7 17. b4 Nc6 18. Nc4 O-O 19. b5 Nd8 20. Ba3 Rc8 21. Ne5 Be8 22. Bxf8 Kxf8 23. N1d3 f6 24. Ng4 Bg6 25. Rb3 Ke7 26. Ne3 b6 27. Nb4 Rc1+ 28. Kf2 Nf7 29. Ra3 f5 30. Rxa7+ Kf6 31. Nc6 Rb1 32. Bf1 Rb2+ 33. Kg1 Ng5 34. Bg2 Rxb5 35. Ra2 Rb1+ 36. Kf2 Be8 37. h4 Nf7 38. Nd4 Ne5 39. Bf1 h6 40. Be2 g5 41. hxg5+ hxg5 42. Nc4 Nxc4 43. Bxc4 Rb4 44. Rc2 b5 45. Nxb5 Bxb5 46. Bxb5 Rxb5 47. Ra2 Rb3 48. Rc2 f4 49. gxf4 gxf4 50. Ra2 e5 0-1

[Event "December 12 Early 2023"]
[Site "https://www.chess.com"]
[Date "2023.12.12"]
[Round "5"]
[White "Leenhouts, Koen"]
[Black "Lima, Stefan Moisei VIeira"]
[Result "1-0"]
[Board "117"]
[TimeControl "180+1"]
[WhiteFideId "1008439"]
[BlackFideId "22782273"]
[WhiteElo "2531"]
[BlackElo "2417"]
[WhiteTeam "NED"]
[BlackTeam "BRA"]
[WhiteClock "0:00:44"]
[BlackClock "0:00:01"]

1. d4 Nf6 2. c4 g6 3. Nc3 d5 4. Nf3 Bg7 5. Bg5 Ne4 6. cxd5 Nxg5 7. Nxg5 e6 8. Nf3 exd5 9. e3 O-O 10. Be2 c6 11. O-O Be6 12. b4 Nd7 13. a4 a5 14. Qb3 axb4 15. Qxb4 Qa5 16. Qb2 c5 17. Nb5 Rfc8 18. Rfc1 Rc6 19. Ng5 Bf5 20. g4 h6 21. Nxf7 Kxf7 22. gxf5 gxf5 23. Qc2 Rg6+ 24. Kh1 Rf6 25. Bf3 Kg8 26. Bxd5+ Kh8 27. Rg1 f4 28. Qe4 Qd8 29. Bxb7 Rb8 30. a5 cxd4 31. exd4 Rf8 32. a6 Re8 33. Qg6 Re7 34. Nd6 Nf8 35. Nf7+ Rxf7 36. Qxf7 Rxb7 1-0

[Event "December 12 Early 2023"]
[Site "https://www.chess.com"]
[Date "2023.12.12"]
[Round "5"]
[White "Melikhov, Evgeny V."]
[Black "Eilers, Stefan"]
[Result "1-0"]
[Board "118"]
[TimeControl "180+1"]
[WhiteFideId "4122046"]
[BlackFideId "4609565"]
[WhiteElo "2383"]
[BlackElo "2530"]
[WhiteTeam "GRE"]
[BlackTeam "GER"]
[WhiteClock "0:00:09"]
[BlackClock "0:00:13"]

1. d4 d5 2. c4 e6 3. Nc3 c5 4. cxd5 cxd4 5. Qa4+ Bd7 6. Qxd4 exd5 7. Qxd5 Nf6 8. Qd1 Nc6 9. Nf3 Bc5 10. e3 Qe7 11. Be2 O-O 12. a3 Rfd8 13. Qc2 Rac8 14. O-O a6 15. Rd1 Ne5 16. Nxe5 Qxe5 17. Bf3 b5 18. Bd2 Bg4 19. Bxg4 Nxg4 20. g3 Qh5 21. h4 Qe5 22. Qe4 Qh5 23. Be1 Re8 24. Rd5 Qg6 25. Qxg6 hxg6 26. Rad1 f6 27. Rd7 Ne5 28. Rb7 Rcd8 29. Rxd8 Rxd8 30. Ne4 Bf8 31. Bc3 Nc4 32. Bd4 Na5 33. Rc7 Nb3 34. Bxf6 Re8 35. f3 a5 36. Bc3 Nc1 37. Kf2 b4 38. axb4 axb4 39. Bd4 Na2 40. g4 Ra8 41. h5 gxh5 42. gxh5 Nc1 43. h6 Nd3+ 44. Ke2 Nf4+ 45. exf4 gxh6 46. Nf6+ Kh8 47. Rh7# 1-0

[Event "December 12 Early 2023"]
[Site "https://www.chess.com"]
[Date "2023.12.12"]
[Round "5"]
[White "Zaksaite, Salomeja"]
[Black "Goltseva, Ekaterina"]
[Result "0-1"]
[Board "119"]
[TimeControl "180+1"]
[WhiteFideId "12801496"]
[BlackFideId "24173770"]
[WhiteElo "2378"]
[BlackElo "2530"]
[WhiteTeam "LTU"]
[BlackTeam "RUS"]
[WhiteClock "0:01:35"]
[BlackClock "0:01:49"]

1. e4 c5 2. Nf3 Nf6 3. Nc3 d5 4. exd5 Nxd5 5. Bb5+ Bd7 6. Qe2 Nb4 7. d4 cxd4 8. Nxd4 N8c6 9. Be3 e5 10. Nxc6 Bxc6 11. Rd1 Qa5 12. Rd5 Nxd5 0-1